TOP OF THE 1ST |
Glendale Herons batting - Pitching for Springfield Shooters : LHP Gabriel Valenzuela
|
Pitching: LHP Gabriel Valenzuela
|
|
Batting: RHB James Pike
|
0-0: Ball 1-0: Foul Ball, location: 2F 1-1: Foul Ball, location: 2F 1-2: Ball 2-2: Ball 3-2: Fly out, F7 (Line Drive, 7)
|
Batting: SHB Glyn Bolasky
|
0-0: Foul Ball, location: 2F 0-1: Foul Ball, location: 2F 0-2: Fly out, F8 (Line Drive, 8LD)
|
Batting: RHB Arsenio Laurel
|
0-0: Swinging Strike 0-1: Ball 1-1: Foul Ball, location: 2F 1-2: Fly out, F6 (Popup, 6MS)
|
Top of the 1st over - 0 run(s), 0 hit(s), 0 error(s), 0 left on base; Glendale 0 - Springfield 0 |
BOTTOM OF THE 1ST |
Springfield Shooters batting - Pitching for Glendale Herons : RHP Mike Barrett
|
Pitching: RHP Mike Barrett
|
|
Batting: SHB Benedict Patel
|
0-0: Called Strike 0-1: Ball 1-1: Ball 2-1: Called Strike 2-2: Foul Ball, location: 2F 2-2: Ball 3-2: Base on Balls
|
Batting: RHB Carlos Cardona
|
0-0: Ball 1-0: DOUBLE (Flyball, 78M) Benedict Patel to third Runner from 3rd tries for Home, SAFE, no throw
|
Batting: LHB Daniel Faraday
|
0-0: Foul Ball, location: 2F 0-1: Swinging Strike 0-2: Ball 1-2: Strikes out looking
|
Batting: RHB Gabrio Campoverde
|
0-0: Ball 1-0: Called Strike 1-1: Hit by Pitch
|
Batting: RHB Esteban Alvarado
|
0-0: Ball 1-0: SINGLE (Line Drive, 78S) Carlos Cardona to third Gabrio Campoverde to second Runner from 3rd tries for Home, SAFE, throw made home Gabrio Campoverde to third Esteban Alvarado to second
|
Batting: RHB Javier Vásquez
|
0-0: Ball 1-0: Foul Ball, location: 2F 1-1: Ball 2-1: DOUBLE (Line Drive, 9LS) Gabrio Campoverde scores Esteban Alvarado scores
|
Batting: RHB Tony Cantú
|
0-0: Called Strike 0-1: Ground out 5-3 (Groundball, 5S) Javier Vásquez to third
|
Batting: RHB Willis Kirkendall
|
0-0: Ball 1-0: Ball 2-0: Called Strike 2-1: Called Strike 2-2: Ball 3-2: Foul Ball, location: 2F 3-2: Strikes out swinging
|
Bottom of the 1st over - 4 run(s), 3 hit(s), 0 error(s), 1 left on base; Glendale 0 - Springfield 4 |
TOP OF THE 2ND |
Glendale Herons batting - Pitching for Springfield Shooters : LHP Gabriel Valenzuela
|
Batting: RHB Christian Turner
|
0-0: Foul Ball, location: 2F 0-1: Foul Ball, location: 2F 0-2: SINGLE (Line Drive, 89M)
|
Batting: SHB Jesús Herrera
|
0-0: Called Strike 0-1: Ball Christian Turner steals 2nd base 1-1: Ball 2-1: Foul Ball, location: 2F 2-2: Strikes out swinging
|
Batting: RHB Takechi Okubo
|
0-0: Called Strike 0-1: Ball 1-1: Foul Ball, location: 2F 1-2: SINGLE (Groundball, 25) (infield hit) Christian Turner to third
|
Batting: SHB Raúl Duarte
|
0-0: Fly out, F8 (Flyball, 8LS) Runner from 3rd tags up, SCORES, no throw
|
Batting: RHB Ramón Hernández
|
0-0: SINGLE (Flyball, 89S) Takechi Okubo to second
|
Batting: RHB Santiago Ramos
|
0-0: Called Strike 0-1: Ball 1-1: Fielders Choice at 2nd, 6-4 (Groundball, 6)
|
Top of the 2nd over - 1 run(s), 3 hit(s), 0 error(s), 1 left on base; Glendale 1 - Springfield 4 |
BOTTOM OF THE 2ND |
Springfield Shooters batting - Pitching for Glendale Herons : RHP Mike Barrett
|
Batting: RHB Francisco Gonzáles
|
0-0: Ball 1-0: Called Strike 1-1: Swinging Strike 1-2: Ball 2-2: Ball 3-2: Foul Ball, location: 2F 3-2: Foul Ball, location: 2F 3-2: Foul Ball, location: 2F 3-2: SINGLE (Line Drive, 7S)
|
Batting: SHB Benedict Patel
|
0-0: Ball 1-0: Ball 2-0: Ball 3-0: Called Strike 3-1: Foul Ball, location: 2F 3-2: Strikes out looking
|
Batting: RHB Carlos Cardona
|
0-0: Fly out, F9 (Line Drive, 89M)
|
Batting: LHB Daniel Faraday
|
0-0: Called Strike 0-1: Ball 1-1: Ball 2-1: Ball 3-1: Fielders Choice at 2nd, 4-6 (Groundball, 4)
|
Bottom of the 2nd over - 0 run(s), 1 hit(s), 0 error(s), 0 left on base; Glendale 1 - Springfield 4 |
TOP OF THE 3RD |
Glendale Herons batting - Pitching for Springfield Shooters : LHP Gabriel Valenzuela
|
Batting: RHB James Pike
|
0-0: Called Strike 0-1: SINGLE (Flyball, 8LS)
|
Batting: SHB Glyn Bolasky
|
0-0: Ball 1-0: Called Strike 1-1: Ball 2-1: Called Strike 2-2: Fielders Choice at 2nd, 2-6 (Groundball, 2R)
|
Batting: RHB Arsenio Laurel
|
0-0: Swinging Strike 0-1: Ball Glyn Bolasky steals 2nd base 1-1: Swinging Strike 1-2: Ball 2-2: Foul Ball, location: 2F 2-2: Foul Ball, location: 2F 2-2: Strikes out swinging
|
Batting: RHB Christian Turner
|
0-0: Called Strike 0-1: SINGLE (Line Drive, 7LS) Glyn Bolasky to third
|
Batting: SHB Jesús Herrera
|
0-0: Swinging Strike 0-1: Ball 1-1: Ball 2-1: Foul Ball, location: 2F 2-2: Ball 3-2: Strikes out swinging
|
Top of the 3rd over - 0 run(s), 2 hit(s), 0 error(s), 2 left on base; Glendale 1 - Springfield 4 |
BOTTOM OF THE 3RD |
Springfield Shooters batting - Pitching for Glendale Herons : RHP Mike Barrett
|
Batting: RHB Gabrio Campoverde
|
0-0: Ground out 6-3 (Groundball, 6M)
|
Batting: RHB Esteban Alvarado
|
0-0: Foul Ball, location: 2F 0-1: Called Strike 0-2: Ball 1-2: Foul Ball, location: 2F 1-2: Ball 2-2: Ball 3-2: Foul Ball, location: 2F 3-2: Strikes out swinging
|
Batting: RHB Javier Vásquez
|
0-0: Ground out 3-1 (Groundball, 34S)
|
Bottom of the 3rd over - 0 run(s), 0 hit(s), 0 error(s), 0 left on base; Glendale 1 - Springfield 4 |
TOP OF THE 4TH |
Glendale Herons batting - Pitching for Springfield Shooters : LHP Gabriel Valenzuela
|
Batting: RHB Takechi Okubo
|
0-0: Ball 1-0: Foul Ball, location: 2F 1-1: Ball 2-1: Swinging Strike 2-2: Strikes out looking
|
Batting: SHB Raúl Duarte
|
0-0: Swinging Strike 0-1: Foul Ball, location: 2F 0-2: Foul Ball, location: 2F 0-2: Ball 1-2: Strikes out swinging
|
Batting: RHB Ramón Hernández
|
0-0: Called Strike 0-1: Ground out 6-3 (Groundball, 6)
|
Top of the 4th over - 0 run(s), 0 hit(s), 0 error(s), 0 left on base; Glendale 1 - Springfield 4 |
BOTTOM OF THE 4TH |
Springfield Shooters batting - Pitching for Glendale Herons : RHP Mike Barrett
|
Batting: RHB Tony Cantú
|
0-0: Called Strike 0-1: Ground out 1-3 (Groundball, 15S)
|
Batting: RHB Willis Kirkendall
|
0-0: Called Strike 0-1: Ball 1-1: Foul Ball, location: 2F 1-2: Ball 2-2: Foul Ball, location: 2F 2-2: Foul Ball, location: 2F 2-2: Ball 3-2: Ground out 5-3 (Groundball, 5)
|
Batting: RHB Francisco Gonzáles
|
0-0: Ball 1-0: Ball 2-0: Ball 3-0: Base on Balls
|
Batting: SHB Benedict Patel
|
0-0: SINGLE (Groundball, 4D) Francisco Gonzáles to second Runner from 2nd tries for 3rd, SAFE, throw made to third Benedict Patel to second
|
Batting: RHB Carlos Cardona
|
0-0: Foul Ball, location: 2F 0-1: Ball 1-1: Ball 2-1: Ball 3-1: Foul Ball, location: 2F 3-2: SINGLE (Flyball, 8RS) Francisco Gonzáles scores Benedict Patel to third Benedict Patel scores
|
Batting: LHB Daniel Faraday
|
0-0: Called Strike 0-1: Ball 1-1: Foul Ball, location: 2F 1-2: Foul Ball, location: 2F 1-2: Foul Ball, location: 2F 1-2: Foul Ball, location: 2F 1-2: Fielders Choice at 2nd, 4-6 (Groundball, 4)
|
Bottom of the 4th over - 2 run(s), 2 hit(s), 0 error(s), 0 left on base; Glendale 1 - Springfield 6 |
TOP OF THE 5TH |
Glendale Herons batting - Pitching for Springfield Shooters : LHP Gabriel Valenzuela
|
Batting: RHB Santiago Ramos
|
0-0: SINGLE (Line Drive, 34)
|
Batting: RHB James Pike
|
0-0: Grounds into double play, 5-4-3 (Groundball, 56)
|
Batting: SHB Glyn Bolasky
|
0-0: Swinging Strike 0-1: Foul Ball, location: 2F 0-2: Ball 1-2: Ball 2-2: Ground out 5-3 (Groundball, 56)
|
Top of the 5th over - 0 run(s), 1 hit(s), 0 error(s), 0 left on base; Glendale 1 - Springfield 6 |
BOTTOM OF THE 5TH |
Springfield Shooters batting - Pitching for Glendale Herons : RHP Mike Barrett
|
Pitching: RHP Guang Wen
|
|
Batting: RHB Gabrio Campoverde
|
0-0: Swinging Strike 0-1: Ball 1-1: Ball 2-1: Foul Ball, location: 2F 2-2: Ball 3-2: Foul Ball, location: 2F 3-2: Base on Balls
|
Batting: RHB Esteban Alvarado
|
0-0: Ball Gabrio Campoverde steals 2nd base 1-0: Called Strike 1-1: Foul Ball, location: 2F 1-2: Ball 2-2: Ball 3-2: Foul Ball, location: 2F 3-2: Fly out, F8 (Line Drive, 8LM)
|
Batting: RHB Javier Vásquez
|
0-0: Foul Ball, location: 2F 0-1: Ball 1-1: Foul Ball, location: 2F 1-2: Strikes out looking
|
Batting: RHB Tony Cantú
|
0-0: Ball 1-0: Foul Ball, location: 2F 1-1: Ball 2-1: Ground out 4-3 (Groundball, 4)
|
Bottom of the 5th over - 0 run(s), 0 hit(s), 0 error(s), 1 left on base; Glendale 1 - Springfield 6 |
TOP OF THE 6TH |
Glendale Herons batting - Pitching for Springfield Shooters : LHP Gabriel Valenzuela
|
Batting: RHB Arsenio Laurel
|
0-0: Called Strike 0-1: Ball 1-1: Fly out, F9 (Flyball, 9)
|
Batting: RHB Christian Turner
|
0-0: Ground out 5-3 (Groundball, 56)
|
Batting: SHB Jesús Herrera
|
0-0: Foul Ball, location: 2F 0-1: Foul Ball, location: 2F 0-2: Strikes out looking
|
Top of the 6th over - 0 run(s), 0 hit(s), 0 error(s), 0 left on base; Glendale 1 - Springfield 6 |
BOTTOM OF THE 6TH |
Springfield Shooters batting - Pitching for Glendale Herons : RHP Guang Wen
|
Batting: RHB Willis Kirkendall
|
0-0: Ball 1-0: Swinging Strike 1-1: Ball 2-1: Called Strike 2-2: Foul Ball, location: 2F 2-2: Foul Ball, location: 2F 2-2: Foul Ball, location: 2F 2-2: Strikes out swinging
|
Batting: RHB Francisco Gonzáles
|
0-0: Called Strike 0-1: Foul Ball, location: 2F 0-2: Ball 1-2: Strikes out swinging
|
Batting: SHB Benedict Patel
|
0-0: Ball 1-0: Ball 2-0: Foul Ball, location: 2F 2-1: Ground out U3 (Groundball, 3)
|
Bottom of the 6th over - 0 run(s), 0 hit(s), 0 error(s), 0 left on base; Glendale 1 - Springfield 6 |
TOP OF THE 7TH |
Glendale Herons batting - Pitching for Springfield Shooters : LHP Gabriel Valenzuela
|
Batting: RHB Takechi Okubo
|
0-0: Ground out 5-3 (Groundball, 56S)
|
Batting: SHB Raúl Duarte
|
0-0: Called Strike 0-1: Ball 1-1: Foul Ball, location: 2F 1-2: Ball 2-2: SINGLE (Groundball, 6MD)
|
Batting: RHB Ramón Hernández
|
0-0: Ball 1-0: Ball 2-0: Grounds into double play, 6-4-3 (Groundball, 6)
|
Top of the 7th over - 0 run(s), 1 hit(s), 0 error(s), 0 left on base; Glendale 1 - Springfield 6 |
BOTTOM OF THE 7TH |
Springfield Shooters batting - Pitching for Glendale Herons : RHP Guang Wen
|
Batting: RHB Carlos Cardona
|
0-0: Foul Ball, location: 2F 0-1: Ball 1-1: Foul Ball, location: 2F 1-2: Strikes out swinging
|
Batting: LHB Daniel Faraday
|
0-0: Called Strike 0-1: Ball 1-1: Ball 2-1: Foul Ball, location: 2F 2-2: Ball 3-2: Base on Balls
|
Batting: RHB Gabrio Campoverde
|
0-0: Swinging Strike 0-1: Ball 1-1: Ground out 5-3 (Groundball, 56S) Daniel Faraday to second
|
Batting: RHB Esteban Alvarado
|
0-0: Ball 1-0: Ball 2-0: Swinging Strike 2-1: Swinging Strike 2-2: Ground out 6-3 (Groundball, 6)
|
Bottom of the 7th over - 0 run(s), 0 hit(s), 0 error(s), 1 left on base; Glendale 1 - Springfield 6 |
TOP OF THE 8TH |
Glendale Herons batting - Pitching for Springfield Shooters : LHP Gabriel Valenzuela
|
Now in LF: Javier De Jesús
|
|
Batting: RHB Santiago Ramos
|
0-0: Ball 1-0: Ball 2-0: Fly out, F9 (Flyball, 9S)
|
Batting: RHB James Pike
|
0-0: Fly out, F9 (Flyball, 9D)
|
Batting: SHB Glyn Bolasky
|
0-0: Ball 1-0: Called Strike 1-1: Ball 2-1: Foul Ball, location: 2F 2-2: Strikes out swinging
|
Top of the 8th over - 0 run(s), 0 hit(s), 0 error(s), 0 left on base; Glendale 1 - Springfield 6 |
BOTTOM OF THE 8TH |
Springfield Shooters batting - Pitching for Glendale Herons : RHP Guang Wen
|
Batting: RHB Javier Vásquez
|
0-0: Called Strike 0-1: Ball 1-1: Foul Ball, location: 2F 1-2: Fly out, F9 (Flyball, 89M)
|
Batting: RHB Tony Cantú
|
0-0: Swinging Strike 0-1: Foul Ball, location: 2F 0-2: Foul Ball, location: 2F 0-2: Ball 1-2: Foul Ball, location: 2F 1-2: Ball 2-2: Ground out 5-3 (Groundball, 56S)
|
Batting: RHB Willis Kirkendall
|
0-0: Swinging Strike 0-1: Fly out, F8 (Flyball, 8RM)
|
Bottom of the 8th over - 0 run(s), 0 hit(s), 0 error(s), 0 left on base; Glendale 1 - Springfield 6 |
TOP OF THE 9TH |
Glendale Herons batting - Pitching for Springfield Shooters : LHP Gabriel Valenzuela
|
Pitching: RHP Jim Unknown
|
|
Now in RF: Lee Allen
|
|
Batting: RHB Arsenio Laurel
|
0-0: Ground out 5-3 (Groundball, 56)
|
Batting: RHB Christian Turner
|
0-0: Foul Ball, location: 2F 0-1: Called Strike 0-2: Ball 1-2: Foul Ball, location: 2F 1-2: Ground out 5-3 (Groundball, 56S)
|
Batting: SHB Jesús Herrera
|
0-0: Ground out 5-3 (Groundball, 2L)
|
Top of the 9th over - 0 run(s), 0 hit(s), 0 error(s), 0 left on base; Glendale 1 - Springfield 6 |
|